Map: Odyssee LE

Players

CanadianZerg - Winner!

  • Race: Terran Terran
  • League: Platinum
  • Spawn Location: 11:00

K.I.-1 (Hart)

  • Race: Zerg Zerg
  • Spawn Location: 5:00

VOD

Have the link to the VOD?

Description

Time

  • Played on: Sept. 1, 2017, 10:21 a.m.
  • Length: 9:07
Show
View Real Time Build Order
Export as new Build Order

CanadianZerg Terran - Winner!

Build Orders: 1/1/1 

Get SALT Encoding   

  12  0:01  SCV  
  13  0:13  SCV  
  14  0:19  Supply Depot  
  14  0:26  SCV  
  15  0:29  Refinery  
  15  0:43  Barracks  
  15  0:45  SCV  
  17  0:57  SCV  
  17  0:58  Refinery  
  17  1:09  SCV  
  18  1:21  SCV  
  19  1:31  Marine, Factory  
  20  1:33  SCV  
  21  1:42  Supply Depot  
  21  1:45  SCV  
  22  1:55  Barracks Reactor  
  22  1:59  Orbital Command  
  22  2:16  Starport, Factory Tech Lab  
  22  2:25  SCV  
  23  2:31  Marine  
  23  2:32  Marine  
  23  2:37  Siege Tank  
  28  2:40  SCV  
  29  2:50  Marine x2  
  31  2:53  Starport Reactor  
  31  2:57  Barracks  
  31  3:06  Supply Depot  
  31  3:27  Siege Tank, Marine x2  
  31  3:29  Supply Depot  
  31  3:30  Medivac  
  38  3:46  Barracks Tech Lab  
  38  3:47  Engineering Bay  
  38  3:49  Marine  
  38  3:51  Medivac  
  38  3:52  Marine  
  42  4:06  Marine  
  43  4:10  Stimpack  
  43  4:13  Widow Mine  
  45  4:18  Terran Infantry Weapons Level 1  
  45  4:27  Marine  
  45  4:28  Marine  
  47  4:35  Supply Depot  
  47  4:57  Siege Tank, Marine x3  
  53  5:16  Marine, Bunker  
  53  5:17  Marine  
  55  5:27  Marine  
  55  5:30  Medivac  
  55  5:33  Medivac  
  55  5:36  Marine  
  55  6:03  Command Center  
  55  6:09  Marine  
  55  6:34  Terran Infantry Armor Level 1  
  55  6:35  Barracks  
  55  6:39  Armory  
  55  7:14  Marine x3  
  55  7:15  Siege Tank, SCV  
  62  7:18  Orbital Command  
  62  7:22  Missile Turret  
  60  7:27  Supply Depot, SCV  
  60  7:29  Barracks Reactor  
  60  7:32  Marine x3  
  63  7:39  SCV  
  64  7:49  Supply Depot  
  64  7:50  Marine  
  64  7:51  SCV  
  66  7:56  Missile Turret  
  65  8:03  Marine x2  
  66  8:08  Marine  
  67  8:21  Marine  
  67  8:26  Marine x4  
  72  8:28  Widow Mine  
  72  8:32  SCV x2  
  76  8:44  SCV x2  
Show
View Real Time Build Order
Export as new Build Order

K.I.-1 (Hart) Zerg 

Build Orders: Hatch First 

Get SALT Encoding   

  12  0:00  Drone  
  13  0:12  Overlord  
  13  0:17  Drone  
  14  0:30  Drone x2  
  14  0:34  Drone  
  17  0:54  Hatchery, Drone  
  17  1:10  Spawning Pool  
  17  1:11  Drone  
  17  1:14  Drone  
  17  1:17  Extractor  
  17  1:19  Drone  
  18  1:27  Overlord  
  18  1:38  Drone  
  19  1:56  Queen  
  19  1:59  Zergling x4  
  23  2:01  Roach Warren  
  23  2:06  Extractor, Drone  
  22  2:10  Drone  
  23  2:25  Drone  
  24  2:37  Overlord  
  24  2:42  Roach x3  
  30  2:44  Roach  
  32  2:52  Drone  
  32  2:55  Drone  
  34  2:59  Lair  
  34  3:16  Extractor, Drone  
  34  3:19  Drone  
  34  3:23  Drone  
  34  3:26  Drone  
  36  3:34  Overlord  
  36  3:37  Drone  
  36  3:40  Drone  
  38  3:44  Drone  
  38  3:46  Drone  
  40  3:51  Drone  
  40  3:55  Roach  
  43  4:02  Hydralisk Den  
  42  4:04  Overlord  
  42  4:06  Roach  
  42  4:07  Drone  
  45  4:24  Infestation Pit  
  44  4:31  Drone  
  44  4:32  Hydralisk  
  44  4:36  Overlord  
  47  4:39  Drone  
  47  4:41  Drone  
  47  4:42  Hydralisk  
  47  4:44  Drone  
  52  4:46  Drone  
  52  4:49  Drone  
  54  4:53  Hydralisk  
  54  4:55  Drone  
  54  4:56  Drone  
  54  4:59  Overlord  
  58  5:07  Evolution Chamber, Swarm Host  
  58  5:11  Drone x2  
  58  5:13  Drone  
  63  5:15  Drone  
  63  5:17  Drone  
  65  5:21  Evolution Chamber  
  65  5:24  Overlord  
  65  5:28  Hydralisk  
  59  5:33  Hydralisk  
  51  5:38  Hydralisk  
  51  5:41  Hydralisk, Zergling x2  
  54  5:44  Hydralisk  
  54  5:48  Hydralisk, Zerg Melee Weapons Level 1  
  53  5:57  Spawning Pool  
  53  6:01  Hydralisk  
  56  6:04  Roach  
  56  6:07  Roach  
  53  6:18  Hydralisk, Roach  
  51  6:22  Hydralisk  
  51  6:25  Hydralisk  
  55  6:28  Hydralisk  
  53  6:38  Drone  
  53  6:39  Swarm Host  
  52  6:44  Zergling x2  
  52  6:46  Extractor  
  53  6:48  Roach Warren  
  53  6:50  Extractor  
  53  6:52  Drone  
  44  7:03  Hydralisk  
  45  7:09  Hydralisk  
  45  7:11  Roach Warren  
  44  7:18  Zergling x2  
  44  7:22  Zergling x2  
  33  7:38  Zergling x2  
  33  7:39  Zergling x4  
  33  7:41  Zergling x2  
  32  7:47  Zergling x2  
  32  7:50  Drone  
  33  7:53  Drone  
  33  7:57  Zergling x2, Drone  
  35  8:01  Zergling x2  
  35  8:12  Zergling x2  
  28  8:21  Zergling x4  
  24  8:29  Drone  
Tags
 
League
Platinum
Matchup
TvZ
Spawn Locations
Cross Positions
Add a new tag
Caveats
  • Supply blocks, unpowered buildings, or Contaminate may cause inaccurate times.
  • Supply counts are checked every 10 seconds.